 Dungeon Crawl Stone Soup version 0.30-a0-374-g95c0257040 (webtiles) character file.

Game seed: 14498043934107806845

50 arthad the Grasshopper (level 3, -2/31 HPs)
             Began as a Gnoll Warper on Nov 26, 2022.
             Slain by a gnoll
             ... wielding a +0 spear
              (7 damage)
             ... on level 1 of the Dungeon.
             The game lasted 00:02:51 (1237 turns).

arthad the Grasshopper (Gnoll Warper)               Turns: 1237, Time: 00:02:52

Health: -2/31      AC:  4    Str: 10    XL:     3   Next: 79%
Magic:  6/9        EV: 13    Int: 14    God:
Gold:   50         SH:  0    Dex: 17    Spells: 1/12 levels left

rFire   + . .      SeeInvis .    a - +0 hand axe
rCold   + . .      Faith    .    (no shield)
rNeg    . . .      Spirit   .    b - +0 leather armour
rPois   +          Reflect  .    (no helmet)
rElec   +          Harm     .    m - +0 cloak
rCorr   +          Rampage  .    (no gloves)
Will    .....                    (no boots)
Stlth   ++........               (no amulet)
HPRegen 0.25/turn                k - +6 ring of dexterity
MPRegen 0.11/turn                (no ring)

@: resistant, attractive, hasted, very quick
A: fangs 1, strong nose, distributed training
a: no special abilities


You were on level 1 of the Dungeon.
You visited 1 branch of the dungeon, and saw 2 of its levels.

You collected 50 gold pieces.

Inventory:

Hand Weapons
 a - a +0 hand axe (weapon)
Missiles
 d - 7 boomerangs of dispersal (quivered)
 f - 6 boomerangs
Armour
 b - a +0 leather armour (worn)
 m - a +0 cloak (worn)
Jewellery
 k - a +6 ring of dexterity (left hand)
Scrolls
 e - 2 scrolls of vulnerability {unknown}
 g - a scroll of silence {unknown}
 i - 2 scrolls of enchant armour {unknown}
Potions
 h - a potion of attraction


   Skills:
 + Level 4.6 Fighting
 + Level 1.0 Short Blades
 + Level 1.0 Long Blades
 + Level 4.6 Axes
 + Level 1.0 Maces & Flails
 + Level 1.0 Polearms
 + Level 1.0 Staves
 + Level 1.0 Ranged Weapons
 + Level 2.6 Throwing
 + Level 2.6 Armour
 + Level 4.6 Dodging
 + Level 1.0 Stealth
 + Level 1.0 Shields
 + Level 1.0 Unarmed Combat
 + Level 5.0 Spellcasting
 + Level 0.7 Conjurations
 + Level 0.7 Hexes
 + Level 0.7 Summonings
 + Level 0.7 Necromancy
 + Level 5.4 Translocations
 + Level 0.7 Transmutations
 + Level 0.7 Fire Magic
 + Level 0.7 Ice Magic
 + Level 0.7 Air Magic
 + Level 0.7 Earth Magic
 + Level 0.7 Poison Magic
 + Level 1.0 Invocations
 + Level 1.0 Evocations


You had one spell level left.
You knew the following spells:

 Your Spells              Type           Power      Damage    Failure   Level
a - Blink                 Tloc           36%        N/A       3%          2
b - Lesser Beckoning      Tloc           36%        N/A       8%          3
c - Teleport Other        Tloc           18%        N/A       8%          3
d - Vhi's Electric Charg  Tloc/Air       24%        N/A       19%         3

Your spell library contained the following spells:

 Spells                   Type           Power      Damage    Failure   Level
 Magic Dart               Conj           20%        1d4       17%         1
 Manifold Assault         Tloc           18%        N/A       24%         4
 Call Imp                 Summ           5%         N/A       26%         2
 Mephitic Cloud           Conj/Pois/Air  5%         N/A       45%         3
 Summon Forest            Summ/Tloc      6%         N/A       87%         5
 Eringya's Noxious Bog    Tmut/Pois      2%         N/A       100%        6
 Summon Hydra             Summ           2%         N/A       100%        7


Dungeon Overview and Level Annotations

Branches:
Dungeon (2/15)

Altars:
Uskayaw


Innate Abilities, Weirdness & Mutations

You have very sharp teeth.
Your uncanny sense of smell can sniff out nearby items.
Your experience applies equally to all skills.


Message History

Okay, then.
It was a potion of attraction.
You feel attractive to monsters. The gnoll is attracted toward you. x3
It was a potion of curing.
You feel better. The gnoll hits you with a +0 whip.
It was a potion of haste.
You feel yourself speed up. The gnoll hits you with a +0 whip.
It was a potion of resistance.
You feel protected. The gnoll misses you.
Casting: Blink (safe; 3% risk of failure)
Confirm with . or Enter, or press ? or * to list all spells.
The spell is quite dangerous to miscast (19% risk of failure)!
Continue anyway?
Charge where?
Press: ? - help, Dir - move target, f - gnoll
Aim: a gnoll, wielding a +0 spear (translocational energy)
You charge forward with an electric crackle!
You hit the gnoll but do no damage. x2; The gnoll hits you with a +0 spear!
The gnoll hits you with a +0 club.
* * * LOW HITPOINT WARNING * * *
Unknown command.
You hit the gnoll.
The gnoll is moderately wounded.
You closely miss the gnoll. The gnoll hits you with a +0 club.
* * * LOW HITPOINT WARNING * * *
The gnoll closely misses you.
Okay, then.
Blink to where?
Press: ? - help, Dir - move target, p - gnoll
As you read the scroll of blinking, it crumbles to dust.
The gnoll is attracted toward you. The gnoll is attracted toward you.
The gnoll is attracted toward you.
There is a stone staircase leading up here.
You climb upwards.
There is a stone staircase leading down here.
You hit the gnoll.
The gnoll is severely wounded.
The gnoll hits you with a +0 spear!
You die...

.....[..####.#########.######.#
##########.........# #.# #.#
.##.# #...######.# #.# #.#
..#.#####...# #.# #.# #.#
............# #.# #.# #.#
..##........# #.# #.# #.#
..#....###########.###.# #.#
.......# #......g.....# #.#
.......# #.####@###.#### #.#
..>....# #...)..# #....# #.#
..#...## #..###.###.##.# #.#
..##.## #..###.....##.#####.#
.###.# #.......#####.......# .#
#.# #..####.# #.####### .###.#
#..# #.#####.#
.....######..####.......#
...............†.....####


You could see a gnoll.

Vanquished Creatures
  An adder (D:2)
  A dart slug (D:2)
  2 ball pythons (D:2)
  6 endoplasms
  A giant cockroach (D:1)
  3 goblins
  2 hobgoblins
  6 kobolds
  2 quokkas (D:1)
  4 bats (D:1)
  2 frilled lizards (D:1)
  7 rats
37 creatures vanquished.

Notes
Turn   | Place    | Note
-------+----------+-------------------------------------------
     0 | D:1      | arthad the Gnoll Warper began the quest for the Orb.
     0 | D:1      | Reached XP level 1. HP: 20/20 MP: 6/6
     2 | D:1      | Found a faded altar of an unknown god.
   122 | D:1      | Reached XP level 2. HP: 26/26 MP: 7/7
   396 | D:1      | Reached skill level 5 in Spellcasting
   396 | D:1      | Reached XP level 3. HP: 23/31 MP: 7/9
   399 | D:1      | Learned a level 2 spell: Blink
   403 | D:1      | Learned a level 3 spell: Lesser Beckoning
   407 | D:1      | Learned a level 3 spell: Teleport Other
   411 | D:1      | Learned a level 3 spell: Vhi's Electric Charge
   898 | D:2      | Reached skill level 1 in Invocations
   987 | D:2      | Found a hide-covered altar of Uskayaw.
  1145 | D:2      | Reached skill level 1 in Short Blades
  1145 | D:2      | Reached skill level 1 in Long Blades
  1145 | D:2      | Reached skill level 1 in Maces & Flails
  1145 | D:2      | Reached skill level 1 in Polearms
  1145 | D:2      | Reached skill level 1 in Staves
  1145 | D:2      | Reached skill level 1 in Ranged Weapons
  1145 | D:2      | Reached skill level 1 in Stealth
  1145 | D:2      | Reached skill level 1 in Shields
  1145 | D:2      | Reached skill level 1 in Unarmed Combat
  1145 | D:2      | Reached skill level 1 in Evocations
  1237 | D:1      | Slain by a gnoll

Illustrated notes

Levels and vault maps discovered:
D:1:      enne_arrival_octagon_isle, layout_loops_ring,
          dreamdust_ecumenical_altar_statues
D:2:      layout_loops_ring, basic_altar

Skill      XL: |  1  2  3 |
---------------+----------+-----
Spellcasting   | 5 |  5.0
Invocations    | 1 |  1.0
Short Blades   | 1 |  1.0
Long Blades    | 1 |  1.0
Maces & Flails | 1 |  1.0
Polearms       | 1 |  1.0
Staves         | 1 |  1.0
Ranged Weapons | 1 |  1.0
Stealth        | 1 |  1.0
Shields        | 1 |  1.0
Unarmed Combat | 1 |  1.0
Evocations     | 1 |  1.0
Fighting       | |  4.6
Axes           | |  4.6
Throwing       | |  2.6
Armour         | |  2.6
Dodging        | |  4.6
Conjurations   | |  0.7
Hexes          | |  0.7
Summonings     | |  0.7
Necromancy     | |  0.7
Translocations | |  5.4
Transmutations | |  0.7
Fire Magic     | |  0.7
Ice Magic      | |  0.7
Air Magic      | |  0.7
Earth Magic    | |  0.7
Poison Magic   | |  0.7

Action                   || total
-------------------------++-------
Melee: Hand axe          ||   130
       Bite              ||     8
       Punch             ||     1
 Cast: Blink             ||     1
       Vhi's Electric Ch ||     1
  Use: Potion            ||     4
       Scroll            ||     1
 Stab: Sleeping          ||     5
Armor: Leather armour    ||    24
Dodge: Dodged            ||    78

Table legend: (Time is in decaauts)
 A = Elapsed time spent in this place.
 B = Non-inter-level travel time spent in this place.
 C = Inter-level travel time spent in this place.
 D = Time resting spent in this place.
 E = Time spent auto-exploring this place.
 F = Levels seen in this place.
 G = Mean time per level.
                   A        B        C        D        E       F      G
               +--------+--------+--------+--------+--------+-----+--------+
         Total |   1243 |   1202 |     41 |     91 |    799 |   2 |  621.5 |
       Dungeon |   1243 |   1202 |     41 |     91 |    799 |   2 |  621.5 |
               +--------+--------+--------+--------+--------+-----+--------+

Top non-repeatable levels by time:
     D:1: 859 daAuts
     D:2: 384 daAuts
